 Dungeon Crawl Stone Soup version 0.28-a0-1184-g53156a8862 (webtiles) character file.

Game seed: 15912792413640612722

205 ytrimaz the Insei (level 5, -1/34 HPs)
             Began as an Octopode Transmuter on Dec 17, 2021.
             Slain by Grinder (9 damage)
             ... on level 3 of the Dungeon.
             The game lasted 00:02:36 (3361 turns).

ytrimaz the Insei (Octopode Transmuter)             Turns: 3361, Time: 00:02:37

Health: -1/34      AC:  2    Str: 10    XL:     5   Next: 83%
Magic:  5/9        EV: 19    Int: 17    God:
Gold:   62         SH:  0    Dex: 17    Spells: 4/10 levels left

rFire   . . .      SeeInvis .     - Unarmed
rCold   . . .      Faith    .   (shield currently unavailable)
rNeg    . . .      Spirit   .   (helmet currently unavailable)
rPois   x          Reflect  .   (no amulet)
rElec   .          Harm     .   (no ring)
rCorr   .          Rampage  .   (no ring)
Will    .....                   (no ring)
Stlth   ++........              (no ring)
HPRegen 0.11/turn               (no ring)
MPRegen 0.11/turn               (no ring)
                                (no ring)
                                (no ring)

@: spider-form (expiring), wereblooded
A: venomous fangs, almost no armour, (amphibious), 8 rings, tiny, (camouflage
1), (gelatinous body 1), (nimble swimmer 1), (tentacles)
a: End Transformation


You were on level 3 of the Dungeon.
You were a venomous arachnid creature.
You visited 1 branch of the dungeon, and saw 3 of its levels.

You collected 62 gold pieces.

Inventory:

Potions
 a - a potion of flight {unknown}
 b - 3 potions of heal wounds


   Skills:
 * Level 2.1 Fighting
 - Level 2.0 Dodging
 + Level 4.1 Unarmed Combat
 * Level 3.2 Spellcasting
 * Level 3.6 Transmutations
 + Level 0.1 Poison Magic


You had 4 spell levels left.
You knew the following spells:

 Your Spells              Type           Power      Damage    Failure   Level
a - Beastly Appendage     Tmut           30%        N/A       12%         1
b - Wereblood             Tmut           15%        N/A       17%         2
c - Spider Form           Tmut/Pois      9%         N/A       45%         3

Your spell library contained the following spells:

 Spells                   Type           Power      Damage    Failure   Level
 Foxfire                  Conj/Fire      8%         2x1d4     36%         1
 Conjure Flame            Conj/Fire      2%         6-21      67%         3
 Inner Flame              Hex/Fire       2%         N/A       67%         3
 Ice Form                 Ice/Tmut       8%         N/A       82%         4
 Flame Wave               Conj/Fire      2%         2d4       95%         4
 Summon Ice Beast         Ice/Summ       2%         N/A       95%         4
 Summon Mana Viper        Hex/Summ       2%         N/A       100%        5
 Monstrous Menagerie      Summ           1%         N/A       100%        7


Dungeon Overview and Level Annotations

Branches:
Dungeon (3/15)

Altars:
Yredelemnul

Annotations:
D:2 1 runed translucent door, Crazy Yiuf
D:3 Grinder


Innate Abilities, Weirdness & Mutations

You are a venomous arachnid creature.
You have poisonous fangs.
You are tiny and dextrous.
Your spellcasting is less reliable in this form.
Your armour is entirely melded.
You are incapable of wielding weapons or throwing items.
You cannot wear most types of armour.
((You are amphibious.))
You can wear up to eight rings at the same time.
((Your skin changes colour to match your surroundings (Stealth+).))
((Your rubbery body absorbs attacks. (AC +1, EV +1)))
((You are camouflaged near water. (Stealth+)))
((You have tentacles for arms and can constrict up to eight enemies at once.))


Message History

Pain shoots through your body!
You barely miss Grinder.
Grinder is moderately wounded.
You hiss as the wereblood boils in your veins!
Grinder completely misses you.
You hit Grinder.
Grinder looks as sick as possible!
Grinder is heavily wounded.
Grinder misses you.
You hit Grinder.
Grinder is heavily wounded.
Grinder hits you.
Unknown command.
You barely miss Grinder.
Grinder is severely wounded.
Grinder misses you.
You hit Grinder but do no damage.
Grinder is severely wounded.
Grinder hits you.
You writhe in agony.
* * * LOW HITPOINT WARNING * * *
Unknown command.
Unknown command.
You hit Grinder.
Grinder is almost dead.
Unknown command.
You hit Grinder.
Grinder is almost dead.
Grinder gestures at you. Pain shoots through your body!
* * * LOW HITPOINT WARNING * * *
Unknown command.
You barely miss Grinder.
Grinder is almost dead.
Your transformation is almost over.
Grinder barely misses you.
Unknown command.
You barely miss Grinder.
Grinder is almost dead.
You hiss as the wereblood boils in your veins!
Grinder hits you!
You die...

#.#
#.....##.##.###
..#
#....†......#
###
#......###.##
#......# #..#
######.###..#
##...#.#
#####.#
########.#
#.....5s.#
...########


You could see Grinder (very poisoned).

Vanquished Creatures
  Natasha (thrice) (D:2)
  Terence (D:2)
  3 adders
  2 worms (D:3)
  A dart slug (D:2)
  4 orcs (D:3)
  6 endoplasms
  A giant cockroach (D:3)
  4 goblins (D:2)
  8 hobgoblins
  7 jackals (D:1)
  4 ball pythons
  7 bats
  2 frilled lizards (D:2)
  7 kobolds
  7 rats
67 creatures vanquished.

Notes
Turn   | Place    | Note
-------+----------+-------------------------------------------
     0 | D:1      | ytrimaz the Octopode Transmuter began the quest for the
                  | Orb.
     0 | D:1      | Reached XP level 1. HP: 13/13 MP: 3/3
   446 | D:1      | Reached XP level 2. HP: 18/18 MP: 5/5
   453 | D:1      | Learned a level 2 spell: Wereblood
  1172 | D:1      | Reached XP level 3. HP: 23/23 MP: 4/6
  1176 | D:1      | Learned a level 3 spell: Spider Form
  1366 | D:2      | Noticed Terence
  1379 | D:2      | Killed Terence
  1507 | D:2      | Reached XP level 4. HP: 24/28 MP: 4/7
  1910 | D:2      | Noticed Natasha
  1921 | D:2      | Killed Natasha
  2008 | D:2      | Noticed Natasha
  2020 | D:2      | Killed Natasha
  2021 | D:2      | Reached XP level 5. HP: 21/34 MP: 6/9
  2195 | D:2      | Noticed Natasha
  2207 | D:2      | Killed Natasha
  2208 | D:2      | Reached skill level 4 in Unarmed Combat
  2553 | D:2      | Found a runed translucent door.
  2554 | D:2      | Noticed Crazy Yiuf
  2643 | D:2      | Found a faded altar of an unknown god.
  3215 | D:3      | Found a basalt altar of Yredelemnul.
  3339 | D:3      | Noticed Grinder
  3361 | D:3      | Slain by Grinder

Illustrated notes

Levels and vault maps discovered:
D:1:      dpeg_arrival_shelter, layout_basic, serial_rivers,
          chequers_serial_rivers_room_a, chequers_serial_rivers_micro_e,
          chequers_serial_rivers_small_b, chequers_serial_rivers_room_b,
          chequers_serial_rivers_micro_e
D:2:      layout_basic, dilly_ecumenical_altar_fadedgnrine,
          uniq_crazy_yiuf_cottage, uniq_terence, uniq_natasha
D:3:      layout_loops_cross, mainiacjoe_overflow_brackets,
          kennysheep_decorative_pillar, uniq_grinder

Skill      XL: |  1  2  3  4  5 |
---------------+----------------+-----
Transmutations | 3 |  3.6
Fighting       | 2 |  2.1
Unarmed Combat | 4 |  4.1
Spellcasting   | 3 |  3.2
Dodging        | |  2.0
Poison Magic   | |  0.1

Action                   |  1- 3 |  4- 6 || total
-------------------------+-------+-------++-------
Melee: Unarmed           |    72 |   109 ||   181
       Constrict         |    16 |    18 ||    34
       Kick              |     8 |     7 ||    15
       Tentacles         |    11 |     8 ||    19
       Punch             |     1 |     1 ||     2
 Cast: Beastly Appendage |    14 |    17 ||    31
       Wereblood         |     1 |     2 ||     3
       Spider Form       |     1 |     6 ||     7
  Use: Potion            |     1 |       ||     1
       Scroll            |     1 |     4 ||     5
 Stab: Sleeping          |     1 |       ||     1
Armor: Skin              |     7 |    13 ||    20
Dodge: Dodged            |    58 |    77 ||   135

Table legend: (Time is in decaauts)
 A = Elapsed time spent in this place.
 B = Non-inter-level travel time spent in this place.
 C = Inter-level travel time spent in this place.
 D = Time resting spent in this place.
 E = Time spent auto-exploring this place.
 F = Levels seen in this place.
 G = Mean time per level.
                   A        B        C        D        E       F      G
               +--------+--------+--------+--------+--------+-----+--------+
         Total |   3348 |   3304 |     44 |     35 |   2738 |   3 | 1116.0 |
       Dungeon |   3348 |   3304 |     44 |     35 |   2738 |   3 | 1116.0 |
               +--------+--------+--------+--------+--------+-----+--------+

Top non-repeatable levels by time:
     D:2: 1418 daAuts
     D:1: 1335 daAuts
     D:3: 593 daAuts
